 Dungeon Crawl Stone Soup version 0.14-a0-2964-g8dc6adb (webtiles) character file.

3246 4tharraofdagon the Cudgeler (level 9, -3/88 HPs)
             Began as a Troll Fighter on Mar 5, 2014.
             Was a High Priest of Cheibriados.
             Slain by a two-headed ogre
             ... wielding a +0,+0 giant club
              (18 damage)
             ... on Level 8 of the Dungeon.
             The game lasted 00:13:41 (2803 turns).

4tharraofdagon the Cudgeler (Troll Fighter)         Turns: 2803, Time: 00:13:42

HP  -3/88        AC 10     Str 47      XL: 9   Next: 50%
MP  11/11        EV 12     Int 18      God: Cheibriados [*****.]
Gold 325         SH 25     Dex 23      Spells:  0 memorised,  8 levels left

rFire  . . .     SeeInvis .     u - +3,+2 flail (protect)
rCold  . . .     Clarity  .     b - +0 robe
rNeg   . . .     Conserve .     c - +0 shield
rPois  .         rCorr    .     (helmet restricted)
rElec  .         rRot     .     (no cloak)
SustAb . .       Spirit   .     (gloves unavailable)
rMut   .         Warding  .     (boots unavailable)
Gourm  +         Stasis   .     O - amulet of faith
MR     +....                    T - ring of protection from magic {unknown}
                                r - +4 ring of strength

@: very slow, somewhat resistant to hostile enchantments, fairly stealthy
A: unfitting armour, claws 3, fast metabolism 3, gourmand, regeneration 2,
saprovore 2, shaggy fur 1, tough skin 2
a: Bend Time, Temporal Distortion, Slouch, Step From Time, Renounce Religion


You were on level 8 of the Dungeon.
You worshipped Cheibriados.
Cheibriados was extremely pleased with you.
You were very full.

You visited 2 branches of the dungeon, and saw 9 of its levels.
You also visited: Sewer.

You collected 325 gold pieces.

Inventory:

Hand weapons
 a - a +0,+1 hand axe
 t - the -2,+0 mace of True Grit {freeze, +Inv rElec MR++ Curse}
   (You found it on level 4 of the Dungeon)

   It has been specially enchanted to freeze those struck by it, causing extra
   injury to most foes and up to double damage against particularly susceptible
   opponents.
   It can also slow down cold-blooded creatures.
   It insulates you from electricity.
   It affects your resistance to hostile enchantments.
   It lets you turn invisible.
   It may recurse itself when equipped.
 u - a +3,+2 flail of protection (weapon)
 P - a -2,-2 flail
Missiles
 j - 20 darts (quivered)
 l - 10 darts of frost
 N - 5 javelins
Armour
 b - a +0 robe (worn)
 c - a +0 shield (worn)
 g - a +0 plate armour
 y - the cursed -4 pair of boots of Ashenzari's Anger {rN+ Int+3 Stlth++, unknown}
   (You found it on level 5 of the Dungeon)

   It affects your intelligence (+3).
   It protects you from negative energy.
   It makes you much more stealthy.
   It has a curse placed upon it.
 Q - the cursed -3 ring mail of Trog's Condemnation {rF+, unknown}
   (You found it on level 8 of the Dungeon)

   It protects you from fire.
   It has a curse placed upon it.
Magical devices
 p - a wand of digging (14)
 C - a wand of frost (6)
 J - a wand of flame (6)
Comestibles
 d - 4 meat rations
 n - a banana
 x - an apple
 z - 4 bread rations
 I - a choko
Scrolls
 e - a scroll of remove curse
 f - a scroll of enchant weapon II
 h - 2 scrolls of fear
 k - 2 scrolls of identify {unknown}
 q - 2 scrolls of teleportation
 s - a scroll of magic mapping {unknown}
 v - a scroll of enchant weapon I {unknown}
 K - a scroll of random uselessness {unknown}
 R - a scroll of noise {unknown}
 S - a scroll of amnesia {unknown}
Jewellery
 i - an uncursed ring of ice
 r - a +4 ring of strength (left claw)
 B - an uncursed ring of invisibility
 L - an uncursed ring of teleport control
 O - an amulet of faith (around neck)
 T - a ring of protection from magic (right claw) {unknown}
Potions
 m - 4 potions of curing
 o - 2 potions of agility {unknown}
 w - a potion of might {unknown}
 A - a potion of berserk rage {unknown}
 D - a potion of invisibility {unknown}
 E - a potion of heal wounds {unknown}
 F - 2 potions of restore abilities {unknown}
 G - 3 potions of flight
 H - a potion of mutation {unknown}
 M - 3 potions of speed


   Skills:
 + Level 5.4 Fighting
 - Level 3.5 Axes
 * Level 7.4 Maces & Flails
 + Level 5.5 Dodging
 - Level 2.4 Shields
 + Level 4.8 Invocations
 + Level 0.0 Evocations


You had 8 spell levels left.
You didn't know any spells.

Dungeon Overview and Level Annotations

Branches:
Dungeon (8/16)             Temple (1/1) D:4
   Lair: D:8-11

Altars:
Ashenzari
Cheibriados
Dithmenos
Elyvilon
Kikubaaqudgha
Makhleb
Nemelex Xobeh
Okawaru
Sif Muna
Trog
Vehumet
Xom
Yredelemnul
Zin
The Shining One

Shops:
D:8 *

Annotations:
D:4 profreshinal's ghost, average NaWr
D:8 Duskembrace's ghost, experienced DDBe


Innate Abilities, Weirdness & Mutations

You are too large for most types of armour.
You have claws for hands.
Your metabolism is lightning-fast.
You like to eat raw meat.
You heal very quickly.
You can eat rotten meat.
You are covered in fur (AC +1).
You have very tough skin (AC +2).


Message History

You block Duskembrace's ghost's attack.
Found 17 darts.
The two-headed ogre hits you with a giant club!
* * * LOW HITPOINT WARNING * * *
The two-headed ogre completely misses you.
Duskembrace's ghost says, "Death is your only future!"
Duskembrace's ghost closely misses you. You block the two-headed ogre's attack.
Duskembrace's ghost barely misses you. You block Duskembrace's ghost's attack.
The two-headed ogre misses you. The two-headed ogre closely misses you.
There is an escape hatch in the ceiling here.
Unknown command.
Drink which item? (? for menu, Esc to quit)
Okay, then.
Drink which item? (? for menu, Esc to quit)
You feel better.
It was a potion of curing.
Duskembrace's ghost closely misses you.
The two-headed ogre hits you with a giant club!
You die...

############
#...p@.....#
#....O.?...#
#..........#
############..........#
...........'..........#
############..........#
####'###### #.# #.(


You could see a two-headed ogre and Duskembrace's ghost.

Vanquished Creatures
  Grinder (D:6)
  2 orc warriors (D:7)
  3 centaurs
  An ice beast (D:8)
  An ogre (D:4)
  10 big kobolds
  2 giant frogs (D:6)
  3 wights (D:6)
  2 vampire bats (D:6)
  An eye of draining (D:8)
  A quasit (D:5)
  2 crimson imps (D:6)
  A goliath beetle (D:7)
  5 hounds
  A centaur zombie (D:7)
  2 orc priests
  2 big fish
  3 scorpions (D:7)
  Natasha (twice) (D:5)
  4 orc wizards
  A worker ant (D:4)
  3 iguanas
  Ijyb (D:3)
  5 gnolls
  5 adders
  An orc skeleton (D:7)
  A green rat (Sewer)
  3 worms
  3 giant geckos
  14 orcs
  A ball python (D:5)
  5 bats
  4 bat skeletons (D:6)
  5 bat zombies (D:6)
  4 giant cockroaches
  9 goblins
  7 hobgoblins
  13 jackals
  46 kobolds
  4 quokkas
  2 giant newts
  A goblin skeleton (D:4)
  A kobold zombie (D:5)
  10 rats
198 creatures vanquished.

Notes
Turn   | Place    | Note
--------------------------------------------------------------
     0 | D:1      | 4tharraofdagon, the Troll Fighter, began the quest for the Orb.
     0 | D:1      | Reached XP level 1. HP: 22/22 MP: 1/1
    94 | D:1      | Reached XP level 2. HP: 25/29 MP: 1/1
   313 | D:3      | Reached XP level 3. HP: 34/36 MP: 2/2
   424 | D:4      | Noticed an ogre
   444 | D:4      | Killed an ogre
   444 | D:4      | Reached skill level 3 in Fighting
   444 | D:4      | Reached XP level 4. HP: 21/45 MP: 2/2
   483 | D:4      | Found a staircase to the Ecumenical Temple.
   489 | Temple   | Entered the Ecumenical Temple
   514 | Temple   | Became a worshipper of Cheibriados the Contemplative
   586 | D:3      | Noticed Ijyb
   614 | D:3      | Killed Ijyb
   632 | D:3      | Found a shattered altar of Ashenzari.
   635 | D:3      | Reached XP level 5. HP: 53/53 MP: 2/2
   832 | D:4      | Noticed profreshinal's ghost (average NaWr)
   863 | D:5      | Entered Level 5 of the Dungeon
  1065 | D:4      | Got an ancient mace
  1066 | D:4      | Identified the cursed -2,+0 mace of True Grit {freeze, +Inv rElec MR++ Curse} (You found it on level 4 of the Dungeon)
  1232 | D:5      | Reached XP level 6. HP: 61/61 MP: 3/3
  1265 | D:5      | Reached skill level 1 in Maces & Flails
  1265 | D:5      | Reached skill level 1 in Invocations
  1355 | D:5      | Noticed Natasha
  1366 | D:5      | Killed Natasha
  1471 | D:5      | Got a pair of smoking boots
  1519 | D:5      | Reached skill level 4 in Fighting
  1519 | D:5      | Reached XP level 7. HP: 68/70 MP: 5/5
  1577 | D:5      | Acquired Cheibriados' first power
  1673 | D:5      | Reached XP level 8. HP: 73/79 MP: 5/6
  1691 | D:5      | Noticed Natasha
  1697 | D:5      | Killed Natasha
  1724 | D:5      | Noticed a centaur
  1733 | D:5      | Killed a centaur
  1733 | D:5      | Reached skill level 5 in Maces & Flails
  1836 | D:6      | Acquired Cheibriados' second power
  1841 | D:6      | Found an ancient bone altar of Kikubaaqudgha.
  1895 | D:6      | Noticed Grinder
  1918 | D:6      | Paralysed by Grinder for 7 turns
  1931 | D:6      | Killed Grinder
  1966 | D:6      | Found a glowing drain.
  1981 | Sewer    | Entered a sewer
  2034 | Sewer    | Reached skill level 5 in Fighting
  2053 | Sewer    | Found a white marble altar of Elyvilon.
  2171 | D:6      | Reached skill level 6 in Maces & Flails
  2171 | D:6      | Reached skill level 5 in Dodging
  2224 | D:6      | Acquired Cheibriados' third power
  2235 | D:6      | Reached XP level 9. HP: 72/88 MP: 10/10
  2456 | D:7      | Found a white marble altar of Elyvilon.
  2522 | D:7      | Reached skill level 7 in Maces & Flails
  2659 | D:8      | Got a warped ring mail
  2665 | D:8      | Found Resik's General Store.
  2787 | D:8      | Noticed Duskembrace's ghost (experienced DDBe)
  2803 | D:8      | Slain by a two-headed ogre

Action                   |  1- 3 |  4- 6 |  7- 9 || total
-------------------------+-------+-------+-------++-------
Melee: Hand axe          |    88 |   119 |       ||   207
       Flail             |       |   102 |   348 ||   450
Evoke: Wand              |       |     1 |     1 ||     2
  Use: Potion            |     1 |       |     1 ||     2
       Scroll            |       |     5 |     1 ||     6
 Stab: Sleeping          |       |       |     1 ||     1
